← All builds
Front / Cortex / Economy first / OBSERVED BUILD

Standard front

Cortex Front build order · Supreme Isthmus

The role's default economy-first play: Bot Lab right away, Advanced Metal Extractor around 9:12, transitioning into the usual Thug/Grunt/Aggravator mix to hold the wider gap and feed the middle.

#eco #defence · 188 distinct matches · 64 players · 62% of Cortex Front games · team won 45% of 191 · Recently observed

HOW TO PLAY IT

Key timing: Bot Lab by 0:40

  1. Take 3 mex, then wind before opening Bot Lab.
  2. Finish Bot Lab, start producing Thug, Grunt and Aggravator.
  3. Send early units to coast first to stop leaks, not straight to mid.
  4. Add Twin Guard and Radar Tower to hold the wider gap.
  5. Bring Advanced Metal Extractor online as army transitions to T2.

Phase by phase

TYPICAL OF ITS 188 GAMES
  1. 1
  2. 2
  3. 3
PLAY THE OPENING

Follow the example game's first 6:00 step by step: what to build now, what comes next, and where it goes. At 1× it keeps pace with your own game.

  1. 1

    Up to the Bot Lab

    Economy
    • Metal Extractor2Mex
    Order
    1. Bot LabBot Lab after 2 mex, 1 winddone ~0:40, middle half 0:33–0:46

    Some games also: wind (49%)

    By 0:24 in all: 2 mex

    The example game in this phase · 3 steps
    1. Mex ×2
    2. Wind
    3. Bot LabBot Labdone 0:40 · typical 0:40
  2. 2

    Bot Lab to 5:00

    Economy
    • Metal Extractor4Mex
    • Wind Turbine4Wind
    Builders
    • Construction Bot3 Con bot
    • Graverobber2 Graverobber
    Army
    • Guard2 Guard
    • Thug7 Thug
    • Aggravator5 Aggravator
    • Grunt4 Grunt

    Some games also: con turret (41%) · Radar Tower (35%)

    By 5:00 in all: 6 mex · 5 wind

    The example game in this phase · 28 steps
    1. GruntGrunt
    2. Mex
    3. GruntGrunt
    4. Wind ×2
    5. ThugThug
    6. Wind
    7. AggravatorAggravator
    8. ThugThug
    9. AggravatorAggravator
    10. Wind
    11. GraverobberGraverobber
    12. Construction BotCon bot ×2
    13. ThugThug
    14. AggravatorAggravator ×2
    15. Mex
    16. GruntGrunt
    17. GraverobberGraverobber
    18. Mex
    19. Construction BotCon bot
    20. ThugThug
    21. GraverobberGraverobber
    22. GruntGrunt
    23. AggravatorAggravator ×4
    24. Construction BotCon bot
    25. ThugThug
    26. GraverobberGraverobber
    27. GruntGrunt
    28. AggravatorAggravator ×3
  3. 3

    5:00 to 10:00

    Economy
    • Metal Extractor1Mex
    • Wind Turbine17Wind
    Builders
    • Construction Turret2 Con turret
    • Graverobber2 Graverobber
    • Construction Bot2 Con bot
    Army
    • Guard1 Guard
    • Grunt7 Grunt
    • Thug2 Thug

    Some games also: aggravator (49%) · energy storage (41%) · Radar Tower (38%) · Twin Guard (36%) · converter (35%)

    By 10:00 in all: 7 mex · 24 wind · 3 con turret

    The example game in this phase · 157 steps
    1. Mex
    2. AggravatorAggravator
    3. Wind
    4. Radar TowerRadar Tower
    5. AggravatorAggravator ×2
    6. ThugThug
    7. Construction BotCon bot
    8. Wind
    9. GruntGrunt
    10. ThugThug ×2
    11. GraverobberGraverobber
    12. Wind
    13. AggravatorAggravator
    14. GruntGrunt
    15. AggravatorAggravator
    16. GruntGrunt ×3
    17. Construction BotCon bot
    18. Wind
    19. AggravatorAggravator
    20. Mex
    21. ThugThug ×2
    22. GraverobberGraverobber
    23. ThugThug
    24. GruntGrunt
    25. ThugThug
    26. Con turret
    27. Wind
    28. ThugThug
    29. GruntGrunt
    30. Converter
    31. Radar TowerRadar Tower
    32. ThugThug
    33. GruntGrunt
    34. ThistleThistle
    35. Wind
    36. GruntGrunt ×2
    37. ThugThug
    38. Wind
    39. Mex
    40. AggravatorAggravator
    41. GruntGrunt
    42. Wind ×2
    43. GruntGrunt
    44. Converter
    45. Advanced Metal ExtractorT2 mexdone 8:56 · typical 9:12
    46. Wind
    47. AggravatorAggravator
    48. GruntGrunt
    49. RocketeerRocketeer
    50. Wind
    51. ThugThug
    52. GruntGrunt
    53. Wind
    54. Mex
    55. GruntGrunt
    56. AggravatorAggravator
    57. Wind
    58. GruntGrunt
    59. Wind
    60. ThugThug
    61. Wind
    62. RocketeerRocketeer
    63. GruntGrunt
    64. Converter
    65. GruntGrunt
    66. ThugThug
    67. Wind ×2
    68. GuardGuard
    69. GruntGrunt
    70. ThugThug
    71. GruntGrunt
    72. ThugThug
    73. Wind
    74. ThistleThistle
    75. Wind
    76. ThugThug
    77. GruntGrunt
    78. Wind
    79. GruntGrunt ×2
    80. AggravatorAggravator
    81. Wind
    82. Advanced Metal ExtractorT2 mex
    83. GuardGuard
    84. GruntGrunt
    85. Converter
    86. Wind
    87. AggravatorAggravator
    88. Mex
    89. GruntGrunt
    90. Wind
    91. ThugThug
    92. Wind
    93. GruntGrunt
    94. ThugThug
    95. PawnPawn
    96. GruntGrunt
    97. Mex
    98. ThugThug
    99. Wind ×2
    100. GruntGrunt
    101. AggravatorAggravator
    102. GruntGrunt
    103. Converter
    104. Mex
    105. ThugThug
    106. AggravatorAggravator
    107. GruntGrunt
    108. Wind
    109. ThugThug
    110. Wind
    111. GruntGrunt
    112. GuardGuard
    113. Con turret
    114. Advanced Metal ExtractorT2 mex
    115. Wind
    116. GruntGrunt
    117. ThugThug
    118. GuardGuard
    119. Wind
    120. ThugThug
    121. Construction BotCon bot
    122. ThugThug
    123. GuardGuard
    124. ThugThug
    125. Converter
    126. Construction BotCon bot
    127. GuardGuard
    128. BlitzBlitz
    129. Wind
    130. GuardGuard
    131. RocketeerRocketeer
    132. Construction BotCon bot
    133. Con turret
    134. ThugThug
    135. RocketeerRocketeer
    136. Con turret
    137. GuardGuard
    138. Construction BotCon bot
    139. Converter
    140. Advanced Metal ExtractorT2 mex
    141. Con turret
    142. ThugThug
    143. Construction BotCon bot
    144. GuardGuard
    145. ThugThug
    146. Con turret
    147. GruntGrunt ×3
    148. Wind ×2
    149. Converter
    150. GruntGrunt
    151. Wind
    152. GruntGrunt
    153. Wind
    154. GraverobberGraverobber ×2
    155. Wind
    156. GraverobberGraverobber ×2
    157. Wind

Counts are medians over the build's games: half of them build more, half fewer. The example game is GeeGee's (37 OS, 01/10/2026); pick another.

Team trades

IN AT LEAST 30% OF ITS GAMES

You hand over

Nothing regular.

You get

  • Tidal Generator4 Tidal from Pondfirst at 0:17 · in 67% of games
  • Advanced Construction Bot1 T2 con bot from Geo or Techfirst at 7:33 · in 66% of games

How it plays out

Typical game of this build, running totals by minute

Metal produced

010k20k30k
0:005:0010:0015:00

metal

Enemy metal destroyed

02.5k5k7.5k
0:005:0010:0015:00

metal

Own metal lost

05k10k
0:005:0010:0015:00

metal

191 games.

Show as table
ByMetal produced: This buildEnemy metal destroyed: This buildOwn metal lost: This build
1:0033100
2:0085800
3:0016238686
4:002684366326
5:003814938875
6:00505116511622
7:00631023642607
8:00765531393548
9:00902136104317
10:001084842455102
11:001278048825948
12:001495252076900
13:001730857597591
14:001971462628368
15:002249370189398
WHAT THE NUMBERS SAY

This build has the worst win rate of the roles shown and trails Suicide front on kills while losing nearly as much metal.

  • + Produces more metal than Suicide front by 15:00 (22286 vs 18297).
  • + T2 constructor lands slightly faster (7:41) than Suicide front's 8:07.
  • − Loses 9797 own metal by 15:00, close to what it destroys (6775).
  • − Wins only 40% of games, well below every other role shown.
THE EXAMPLE YOU ARE READING

GeeGee

37.0 OS · 01/10/2026

Open source match ↗

8 received units · includes a constructor
57 metal received · 23608 energy received

Allied construction assistance is unknown. Timings are observations, not a promise of solo reproducibility.

Typical milestones

Bot Lab0:40Middle 50%: 0:33–0:46 · n=179
Advanced Metal Extractor9:12Middle 50%: 8:11–10:29 · n=150

Played most by

Hummell20games of this buildwatermeloans19games of this buildiLike2Eco13games of this buildGeeGee11games of this buildErilium10games of this build